 Dungeon Crawl Stone Soup version 0.28.0-47-ge53b351184 (webtiles) character file.

Game seed: 15144321302518372694

93 Icepheonix32 the Chiller (level 4, 0/32 HPs)
             Began as a Demonspawn Ice Elementalist on May 2, 2022.
             Slain by Robin
             ... wielding a +0 short sword
              (4 damage)
             ... on level 2 of the Dungeon.
             The game lasted 00:02:34 (2479 turns).

Icepheonix32 the Chiller (DsIE)                     Turns: 2479, Time: 00:02:34

Health: 0/32       AC:  2    Str: 10    XL:     4   Next: 37%
Magic:  0/7        EV: 12    Int: 16    God:
Gold:   97         SH:  0    Dex: 14    Spells: 6/7 levels left

rFire   . . .      SeeInvis .   h - +4 dagger
rCold   . . .      Faith    .   (no shield)
rNeg    . . .      Spirit   .   a - +0 robe
rPois   .          Reflect  .   (no helmet)
rElec   .          Harm     .   (no cloak)
rCorr   .          Rampage  .   (no gloves)
Will    .....                   (no boots)
Stlth   ++........              (no amulet)
HPRegen 0.10/turn               (no ring)
MPRegen 0.10/turn               (no ring)

@: no status effects
A: claws 2, foul stench 1
a: no special abilities


You were on level 2 of the Dungeon.
You visited 1 branch of the dungeon, and saw 2 of its levels.

You collected 97 gold pieces.

Inventory:

Hand Weapons
 c - a +0 dagger
 h - a +4 dagger (weapon)
Armour
 a - a +0 robe (worn)
Magical Staves
 g - a staff of conjuration
Scrolls
 b - a scroll of identify {unknown}
 d - a scroll of magic mapping
 f - a scroll of amnesia {unknown}
 j - a scroll of brand weapon {unknown}
 k - a scroll of acquirement {unknown}
Potions
 e - a potion of mutation {unknown}
 i - a potion of berserk rage {unknown}


   Skills:
 + Level 1.1 Fighting
 + Level 1.7 Dodging
 - Level 1.7 Stealth
 * Level 0.3 Unarmed Combat
 - Level 2.0 Spellcasting
 * Level 5.1 Ice Magic


You had 6 spell levels left.
You knew the following spells:

 Your Spells              Type           Power      Damage    Failure   Level
a - Freeze                Ice            72%        1d9       2%          1

Your spell library contained the following spells:

 Spells                   Type           Power      Damage    Failure   Level
 Frozen Ramparts          Ice            36%        1d5       8%          3
 Ozocubu's Armour         Ice            18%        N/A       8%          3
 Hailstorm                Conj/Ice       9%         3d4       58%         4


Dungeon Overview and Level Annotations

Branches:
Dungeon (2/15)

Altars:

Annotations:
D:2 Robin


Innate Abilities, Weirdness & Mutations

You have very sharp fingernails.
You may rarely emit foul miasma when damaged in melee.


Message History

Casting: Freeze (safe; 2% risk of failure)
Confirm with . or Enter, or press ? or * to list all spells.
Aiming: Freeze (safe; 2% risk of failure)
Press: ? - help, Shift-Dir - straight line, f/p - Robin
Aim: Robin, wielding a +0 short sword, wearing a +0 animal skin, wearing a +0 helmet and carrying a wand of flame (23) (moderately wounded)
You freeze Robin.
Robin is heavily wounded.
Robin barely misses you. The goblin barely misses you.
You hit the goblin.
You kill the goblin!
Robin throws the goblin at you!
Unknown command.
You hit the goblin.
You kill the goblin!
Robin hits you with a +0 short sword.
Unknown command.
You hit Robin.
Robin is severely wounded.
Robin barely misses you.
You barely miss Robin.
Robin is severely wounded.
Robin zaps a wand.
The puff of flame hits you!
* * * LOW HITPOINT WARNING * * *
A goblin comes into view. It is wielding a +0 club.
Casting: Freeze (safe; 2% risk of failure)
Confirm with . or Enter, or press ? or * to list all spells.
Aiming: Freeze (safe; 2% risk of failure)
Press: ? - help, Shift-Dir - straight line, f/p - Robin
Aim: Robin, wielding a +0 short sword, wearing a +0 animal skin, wearing a +0 helmet and carrying a wand of flame (22) (severely wounded)
You freeze Robin.
Robin is almost dead.
The goblin shouts!
Robin throws the goblin at you!
* * * LOW HITPOINT WARNING * * *
Unknown command.
You hit the goblin but do no damage. The goblin hits you with a +0 club.
* * * LOW HITPOINT WARNING * * *
Robin says, "Bow before me, strongest of all the hobgoblins!"
Robin hits you with a +0 short sword.
You die...

# #.# # #.#
#.# #.# #.#
#.# #.#
###########.#
#gg@g.......#
#.###########
#


You could see Robin, a hobgoblin (strong) and a goblin (strong).

Vanquished Creatures
  An iguana (D:2)
  Jessica (D:2)
  A worm (D:2)
  4 endoplasms (D:1)
  9 goblins
  3 hobgoblins
  3 quokkas
  3 ball pythons
  2 bats (D:1)
  4 frilled lizards
  4 kobolds (D:1)
  5 rats
40 creatures vanquished.

Notes
Turn   | Place    | Note
-------+----------+-------------------------------------------
     0 | D:1      | Icepheonix32 the Demonspawn Ice Elementalist began the
                  | quest for the Orb.
     0 | D:1      | Reached XP level 1. HP: 13/13 MP: 3/3
   695 | D:1      | Reached skill level 4 in Ice Magic
   695 | D:1      | Gained mutation: You have sharp fingernails. [demonic
                  | ancestry]
   695 | D:1      | Reached XP level 2. HP: 17/19 MP: 3/5
  1423 | D:1      | Found a faded altar of an unknown god.
  1994 | D:2      | Noticed Jessica
  2002 | D:2      | Killed Jessica
  2003 | D:2      | Gained mutation: You have very sharp fingernails. [demonic
                  | ancestry]
  2003 | D:2      | Reached XP level 3. HP: 19/25 MP: 4/6
  2284 | D:2      | Reached skill level 1 in Fighting
  2382 | D:2      | Reached skill level 5 in Ice Magic
  2382 | D:2      | Gained mutation: You may rarely emit foul miasma when
                  | damaged in melee. [demonic ancestry]
  2382 | D:2      | Reached XP level 4. HP: 32/32 MP: 2/7
  2465 | D:2      | Noticed Robin
  2479 | D:2      | Slain by Robin

Illustrated notes

Levels and vault maps discovered:
D:1:      evilmike_arrival_rings, layout_loops_corners,
          shapermc_ecumenical_altar_notcrosses, kennysheep_pointless_box,
          wander_ebering_terrifying_dragon_lair
D:2:      layout_loops_ring, uniq_robin, uniq_jessica

Skill      XL: |  1  2  3 |
---------------+----------+-----
Ice Magic      | 4 5 |  5.1
Fighting       | 1 |  1.1
Dodging        | |  1.7
Stealth        | |  1.7
Unarmed Combat | |  0.3
Spellcasting   | |  2.0

Action                   |  1- 3 |  4- 6 || total
-------------------------+-------+-------++-------
Melee: Unarmed           |    10 |       ||    10
       Dagger            |    49 |     6 ||    55
       Punch             |     1 |       ||     1
 Cast: Freeze            |    34 |     8 ||    42
  Use: Scroll            |     1 |       ||     1
 Stab: Sleeping          |     6 |       ||     6
Armor: Robe              |    13 |     2 ||    15
Dodge: Dodged            |    49 |     5 ||    54
